 Dungeon Crawl Stone Soup version 0.26-a0-639-g72c4674329 (webtiles) character file.

Game seed: 4936653525799178949

251 Borgoz the Skirmisher (level 6, 0/39 HPs)
             Began as a Gargoyle Berserker on Sept 18, 2020.
             Was a Believer of Trog.
             Slain by a gnoll
             ... wielding a +0 whip
              (3 damage)
             ... while paralysed by Grinder
             ... on level 3 of the Dungeon.
             The game lasted 00:02:34 (2015 turns).

Borgoz the Skirmisher (Gargoyle Berserker)          Turns: 2015, Time: 00:02:34

Health: 0/39       AC: 13    Str: 20    XL:     6   Next: 13%
Magic:  6/6        EV:  2    Int:  8    God:    Trog [**....]
Gold:   120        SH:  0    Dex: 11    Spells: 5/5 levels left

rFire    . . .     SeeInvis +   a - +0 mace
rCold    . . .     Faith    .   (no shield)
rNeg     + . .     Spirit   .   d - +0 ring mail (curse)
rPois    ∞         Reflect  .   (no helmet)
rElec    +         Harm     .   (no cloak)
rCorr    .         Rampage  .   (no gloves)
MR       .....                  e - +2 pair of boots
Stlth    +.........             (no amulet)
HPRegen  0.13/turn              h - ring of see invisible
MPRegen  0.10/turn              (no ring)

@: paralysed, berserk cooldown, very slightly contaminated, slowed, invisible
A: negative energy resistance 1, electricity resistance, unbreathing,
petrification resistance, rot immunity, AC +4
a: Berserk, Trog's Hand, Renounce Religion


You were on level 3 of the Dungeon.
You worshipped Trog.
Trog was pleased with you.
You visited 1 branch of the dungeon, and saw 3 of its levels.

You collected 120 gold pieces.

Inventory:

Hand Weapons
 a - a +0 mace (weapon)
Armour
 d - a cursed +0 ring mail (worn)
 e - a +2 pair of boots (worn)
Jewellery
 h - a ring of see invisible (left hand)
 j - a cursed ring of attention {unknown}
Scrolls
 c - 2 scrolls of teleportation {unknown}
 f - 2 scrolls of fear
 g - a scroll of identify
 k - a scroll of remove curse {unknown}
 l - a scroll of amnesia {unknown}
 m - a scroll of blinking {unknown}
Potions
 i - 2 potions of lignification


   Skills:
 + Level 4.6 Fighting
 + Level 4.1 Maces & Flails
 + Level 3.8 Armour
 + Level 2.8 Dodging


You had 5 spell levels left.
You didn't know any spells.
Your spell library was empty.

Dungeon Overview and Level Annotations

Branches:
Dungeon (3/15)

Altars:
Uskayaw

Annotations:
D:3 1 runed translucent door, Crazy Yiuf, Grinder


Innate Abilities, Weirdness & Mutations

You are resistant to torment.
Your stone body is resilient. (AC +4)
You are immune to poison.
You resist negative energy. (rN+)
You are resistant to electric shocks. (rElec)
You can survive without breathing.
You are immune to petrification.
You are immune to rotting.


Message History

Grinder blinks!
The gnoll hits you but does no damage. x2
The gnoll hits you from afar with a +0 spear!
* * * LOW HITPOINT WARNING * * *
You are no longer berserk.
You are exhausted.
You feel yourself slow down. The gnoll closely misses you. x2
You fade into invisibility!
The gnoll closely misses you.
Grinder blinks!
The gnoll hits you but does no damage. The gnoll barely misses you.
The gnoll hits you with a +0 spear.
* * * LOW HITPOINT WARNING * * *
You are very lightly contaminated with residual magic.
You closely miss the gnoll. Grinder gestures at you.
You suddenly lose the ability to move!
The gnoll hits you but does no damage. x2
The gnoll barely misses you.
Grinder blinks!
The gnoll completely misses you. The gnoll hits you but does no damage.
Grinder says, "Mostly I couldn't keep them alive."
The gnoll barely misses you. The gnoll hits you with a +0 whip.
You die...

####..#÷##.....
#.....#.# ##..
#######.......#
####.............#
.................#
...............#>..
..#####...(....#....
..#?$!#5g#.....#.##.
[.#!(!#g@#....##
..#$=?#g§#.####
..#####....#
.........###
.........#
########.# #.# #..
###


You could see Grinder (fast) and 3 gnolls.

Vanquished Creatures
  Purgy (D:3)
  Jessica (D:3)
  Terence (D:2)
  A gnoll (D:3)
  2 adders (D:2)
  An ooze (D:2)
  2 worms (D:2)
  5 dart slugs (D:1)
  A leopard gecko (D:2)
  2 ball pythons (D:1)
  A giant cockroach (D:2)
  11 goblins
  12 hobgoblins
  3 jackals (D:1)
  3 kobolds
  2 quokkas
  3 bats
  3 frilled lizards
  3 rats
58 creatures vanquished.

Notes
Turn   | Place    | Note
-------+----------+-------------------------------------------
     0 | D:1      | Borgoz the Gargoyle Berserker began the quest for the Orb.
     0 | D:1      | Reached XP level 1. HP: 14/14 MP: 1/1
   274 | D:1      | Reached XP level 2. HP: 19/19 MP: 2/2
   423 | D:1      | Reached XP level 3. HP: 23/23 MP: 3/3
   487 | D:1      | Reached ** piety under Trog
   928 | D:2      | Reached XP level 4. HP: 28/29 MP: 4/4
  1434 | D:2      | Noticed Terence
  1441 | D:2      | Killed Terence
  1638 | D:2      | Found a hide-covered altar of Uskayaw.
  1669 | D:3      | Noticed Jessica
  1671 | D:3      | Noticed Purgy
  1673 | D:3      | Killed Jessica
  1673 | D:3      | Reached XP level 5. HP: 33/33 MP: 5/5
  1694 | D:3      | Killed Purgy
  1694 | D:3      | Reached XP level 6. HP: 26/39 MP: 6/6
  1820 | D:3      | Found a runed translucent door.
  1821 | D:3      | Noticed Crazy Yiuf
  1976 | D:3      | Noticed Grinder
  2014 | D:3      | Paralysed by Grinder for 7 turns
  2015 | D:3      | Slain by a gnoll

Illustrated notes

Levels and vault maps discovered:
D:1:      tarquinn_simple_flora_water_e, layout_rooms
D:2:      layout_basic, marbit_many_paths, uniq_terence
D:3:      layout_basic, lightli_temple_of_fire, grunt_decor_cap,
          due_unseen_surprise, uniq_grinder, uniq_jessica, uniq_purgy,
          uniq_crazy_yiuf_cottage

Skill      XL: |  1  2  3  4  5 |
---------------+----------------+-----
Dodging        | 2 |  2.8
Armour         | 3 |  3.8
Fighting       | 4 |  4.6
Maces & Flails | 4 |  4.1

Action                   |  1- 3 |  4- 6 || total
-------------------------+-------+-------++-------
Melee: Mace              |   117 |   130 ||   247
Invok: Berserk           |       |     1 ||     1
  Use: Scroll            |       |     3 ||     3
       Potion            |       |     1 ||     1
Armor: Ring mail         |    74 |    96 ||   170
       Animal skin       |     6 |       ||     6
Dodge: Dodged            |    85 |   138 ||   223

Table legend: (Time is in decaauts)
 A = Elapsed time spent in this place.
 B = Non-inter-level travel time spent in this place.
 C = Inter-level travel time spent in this place.
 D = Time resting spent in this place.
 E = Time spent auto-exploring this place.
 F = Levels seen in this place.
 G = Mean time per level.
                   A        B        C        D        E       F      G
               +--------+--------+--------+--------+--------+-----+--------+
         Total |   2064 |   1998 |     66 |    245 |   1287 |   3 |  688.0 |
       Dungeon |   2064 |   1998 |     66 |    245 |   1287 |   3 |  688.0 |
               +--------+--------+--------+--------+--------+-----+--------+

Top non-repeatable levels by time:
     D:2: 1038 daAuts
     D:1: 668 daAuts
     D:3: 358 daAuts
